 Dungeon Crawl Stone Soup version 0.17-a0-1475-g9f81d98 (webtiles) character file.

68357 hexophile the Thaumaturge (level 15, -15/138 HPs)
             Began as a Naga Wizard on July 2, 2015.
             Was the Champion of Cheibriados.
             Demolished by an ettin
             ... wielding a +0 dire flail
              (43 damage)
             ... on level 4 of the Orcish Mines on July 3, 2015.
             The game lasted 03:01:09 (32836 turns).

hexophile the Thaumaturge (Naga Wizard)            Turns: 32836, Time: 03:01:09

Health: -15/138    AC: 16    Str: 26    XL:     15   Next: 26%
Magic:  28/28      EV: 17    Int: 38    God:    Cheibriados [******]
Gold:   1534       SH:  0    Dex: 27    Spells: 7 memorised, 18 levels left

rFire  . . .     SeeInvis +     f - +2 scythe (flame)
rCold  + . .     Rnd*Rage +     n - +3 leather armour {rC+}
rNeg   . . .     SustAt   .     (no shield)
rPois  +         Gourm    .     l - +0 helmet
rElec  +         Spirit   .     a - +0 cloak
rCorr  .         Warding  .     L - +0 pair of gloves
rMut   .         Stasis   .     (no barding)
MR     ++...                    H - amulet of regeneration
Stlth  ++++......               A - +4 ring of protection
                                w - ring of Autumn {rElec rPois MR+}

@: repel missiles, very slow, very resistant to hostile enchantments, stealthy
A: see invisible, berserk 1, deformed body, low mp 1, poison resistance,
slowness 2, slow metabolism 1, spit poison 2, strong 1, constrict 1, AC +5
a: Spit Poison, Bend Time, Temporal Distortion, Slouch, Step From Time, Renounce
Religion


You were on level 4 of the Orcish Mines.
You worshipped Cheibriados.
Cheibriados was exalted by your worship.
You were hungry.

You visited 4 branches of the dungeon, and saw 24 of its levels.
You also visited: Volcano.

You collected 2504 gold pieces.
You spent 970 gold pieces at shops.

Inventory:

Hand weapons
 c - a +4 mace of protection
 f - a +2 scythe of flaming (weapon)
 u - a +2 whip of electrocution
Missiles
 i - 617 stones (quivered)
Armour
 a - a +0 cloak (worn)
 l - a +0 helmet (worn)
 n - a +3 leather armour of cold resistance (worn)
 L - a +0 pair of gloves (worn)
 W - a +2 leather armour of fire resistance
Jewellery
 q - an uncursed amulet of stasis
 w - the ring of Autumn (left hand) {rElec rPois MR+}
   (You found it on level 7 of the Dungeon)

   [ring of poison resistance]

   It insulates you from electricity.
   It protects you from poison.
   It affects your resistance to hostile enchantments.
 A - a +4 ring of protection (right hand)
 H - an amulet of regeneration (around neck)
 R - an uncursed ring of protection from fire
 Y - an uncursed ring of teleportation
Magical devices
 j - a wand of fireball (7)
 v - a wand of fire (2)
 D - a wand of disintegration (17)
 I - a wand of digging (5)
 N - a wand of lightning (7)
 X - a wand of disintegration (14)
Scrolls
 b - 3 scrolls of blinking
 e - 4 scrolls of teleportation
 g - 6 scrolls of remove curse
 h - 2 scrolls of fear
 p - 3 scrolls of immolation
 t - a scroll of recharging
 y - 2 scrolls of magic mapping
 B - 2 scrolls of enchant weapon
 E - 2 scrolls of fog
 G - 2 scrolls of enchant armour
 Q - 2 scrolls of identify
Potions
 r - 3 potions of flight
 F - a potion of agility
 J - 2 potions of brilliance
 M - 3 potions of ambrosia
 O - 2 potions of resistance
 P - a potion of might
 S - a potion of invisibility
 U - a potion of heal wounds
 Z - a potion of lignification
Comestibles
 d - 10 bread rations
 k - 7 beef jerkies
 s - 10 meat rations
 C - 3 fruits
 T - a slice of pizza


   Skills:
 - Level 10.0 Fighting
 - Level 7.2 Dodging
 - Level 5.7 Stealth
 + Level 12.7 Spellcasting
 + Level 10.8 Conjurations
   Level 1.0 Summonings
 - Level 3.4 Necromancy
 - Level 1.0 Translocations
 - Level 3.6 Fire Magic
 * Level 7.9 Ice Magic
 * Level 8.8 Air Magic
 - Level 10.0 Invocations


You had 18 spell levels left.
You knew the following spells:

 Your Spells              Type           Power        Failure   Level  Hunger
a - Magic Dart            Conj           ####         1%          1    None
b - Blink                 Tloc           N/A          1%          2    None
c - Conjure Flame         Conj/Fire      ######..     1%          3    None
d - Mephitic Cloud        Conj/Pois/Air  ######..     1%          3    None
e - Repel Missiles        Chrm/Air       ######       1%          2    None
f - Control Undead        Necr           ######....   4%          4    None
g - Freezing Cloud        Conj/Ice/Air   #######...   10%         6    ###....


Dungeon Overview and Level Annotations

Branches:
Dungeon (12/15)            Temple (1/1) D:5            Lair (7/8) D:11
  Swamp (0/4) Lair:6       Spider (0/4) Lair:4          Orc (4/4) D:10
    Elf (0/3) Orc:3
  Slime: Lair:6-8

Altars:
Ashenzari
Cheibriados
Dithmenos
Elyvilon
Fedhas
Gozag
Kikubaaqudgha
Makhleb
Nemelex Xobeh
Okawaru
Qazlal
Ru
Sif Muna
Trog
Vehumet
Xom
Yredelemnul
Zin
The Shining One
Beogh

Shops:
D:11 :   Orc:1 (   Orc:2 ??=:   Orc:4 [=(

Annotations:
D:10 1 exclusion
D:11 Home. Sweet home.
Lair:6 KURWA!
Orc:2 acquirement and useful scrolls. AND FUCKING BOOKS


Innate Abilities, Weirdness & Mutations

You cannot wear boots.
Your serpentine skin is tough (AC +5).
You have supernaturally acute eyesight.
Armour fits poorly on your strangely shaped body.
Your system is resistant to poisons.
You cover ground very slowly.
You have a slow metabolism.
You can spit poison.
You can use your snake-like lower body to constrict enemies.
You tend to lose your temper in combat.
Your magical capacity is low (-10% MP).
Your muscles are strong. (Str +2)


Message History

You hit the ettin but do no damage. The ettin hits you with a dire flail.
The ettin barely misses you. The ettin hits you but does no damage.
The ettin closely misses you.
You hit the ettin but do no damage. The ettin misses you.
The ettin hits you with a dire flail!! The ettin misses you.
The ettin hits you with a dire flail!
You slice the ettin!! You burn the ettin.
The ettin is moderately wounded.
The ettin barely misses you. The ettin closely misses you.
You slice the ettin!! You burn the ettin.
The ettin is severely wounded.
The ettin hits you with a dire flail!! x2
The ettin hits you with a dire flail! The ettin hits you with a dire flail!!
* * * LOW HITPOINT WARNING * * *
You hit the ettin but do no damage.
The ettin is severely wounded.
The ettin hits you with a dire flail.
* * * LOW HITPOINT WARNING * * *
The ettin hits you with a dire flail!!!
You die...

##.#...P...##....((..§§.§..,
###........##..(..(.....).,
#........##.....#.....§..,
##.......##.....#.....§§.,
#..#....#....#.#.....∩..,
##.##................§§.8,
#...#...........#P....§§.,
*#.......C.#....##.P.§§§.,
##......@##.#.##,P...§.§,
###.#..######.#*...P...,
####..# **,......o..o,
##.#**,,..........,
###*,,,.....###.,,
**,,.....#***,, ***
*,,....##*,,,,
**,****,...o.**,,,, **<,,*
**,,,,,,,,,,,


You could see an ettin.

Vanquished Creatures
  A stone giant (Orc:4)
  The ghost of abixa the Warrior, a powerful OgGl of Okawaru (Lair:3)
  Nessos (Volcano)
  Snorg (Lair:3)
  An ettin (Orc:4)
  8 hydras
  Nergalle (Lair:4)
  3 unseen horrors
  Pikel (D:5)
  6 hill giants
  An oklob plant (Lair:4)
  A griffon (Lair:6)
  7 cyclopes
  A manticore (D:12)
  An ugly thing (D:12)
  2 centaur zombies
  3 black mambas
  2 molten gargoyles (Volcano)
  Maurice (Orc:2)
  10 elephants
  Joseph (D:7)
  2 gargoyles
  16 spiny frogs
  2 yaktaurs (Volcano)
  5 komodo dragons
  A polar bear (Lair:5)
  A fire drake (Lair:5)
  2 trolls
  A two-headed ogre (D:10)
  10 blink frogs
  Sigmund (D:2)
  2 wyverns
  2 wraiths
  48 yaks
  A shadow (D:11)
  Eustachio (D:5)
  8 hippogriffs
  A steam dragon (D:11)
  2 basilisks
  4 wargs
  14 porcupines
  20 water moccasins
  A soldier ant (D:12)
  27 wolves
  A mottled dragon (D:12)
  3 phantoms
  5 black bears
  2 necrophages
  2 sky beasts (D:9)
  11 spiders (Lair:4)
  An eye of draining (D:8)
  The ghost of Cgurps the Covered, an average MiFi (D:3)
  14 ogres
  20 orc warriors
  A wasp (D:12)
  7 ice beasts
  16 centaurs
  7 big kobolds
  21 giant frogs
  22 crocodiles
  A water moccasin zombie (D:8)
  8 scorpions
  A wyvern skeleton (D:10)
  13 wights
  11 killer bees
  An electric eel (Lair:6)
  4 crimson imps
  A giant frog zombie (D:4)
  30 orc wizards
  28 orc priests
  3 giant frog skeletons
  2 hounds
  3 jellies (D:11)
  A centaur skeleton (D:11)
  3 gnoll shamans (D:10)
  12 worker ants
  12 iguanas
  A killer bee zombie (D:8)
  14 sheep
  A hound zombie (D:9)
  3 worker ant zombies
  Robin (D:2)
  24 adders
  76 river rats
  16 gnolls
  3 shadow imps
  2 oozes
  A worker ant simulacrum (D:11)
  2 adder skeletons
  3 worms
  8 giant geckos
  142 orcs
  2 ball pythons
  27 bats
  2 bat zombies
  5 giant cockroaches
  29 goblins
  22 hobgoblins
  8 jackals
  7 quokkas
  A giant gecko zombie (D:5)
  8 giant newts
  57 kobolds
  2 quokka zombies
  18 rats
  14 fungi
  10 plants
1003 creatures vanquished.

Vanquished Creatures (collateral kills)
  2 wights
  A bat (D:9)
  A hobgoblin (D:9)
4 creatures vanquished.

Vanquished Creatures (others)
  2 slaves (D:5)
  A worker ant (D:5)
  An orc (D:5)
  3 kobolds (D:5)
  A rat (D:5)
  41 fungi
  30 plants
79 creatures vanquished.

Grand Total: 1086 creatures vanquished

Notes
Turn   | Place    | Note
--------------------------------------------------------------
     0 | D:1      | hexophile the Naga Wizard began the quest for the Orb.
     0 | D:1      | Reached XP level 1. HP: 15/15 MP: 4/4
   267 | D:1      | Reached XP level 2. HP: 20/22 MP: 0/6
  1005 | D:2      | Reached XP level 3. HP: 11/28 MP: 0/7
  1280 | D:2      | Noticed Sigmund
  1340 | D:2      | Learned a level 2 spell: Blink
  1344 | D:2      | Learned a level 3 spell: Conjure Flame
  1348 | D:2      | Learned a level 3 spell: Mephitic Cloud
  2197 | D:2      | Found an iron altar of Okawaru.
  2478 | D:2      | Reached skill level 1 in Air Magic
  2506 | D:2      | Found a snail-covered altar of Cheibriados.
  2551 | D:2      | Noticed Robin
  2560 | D:2      | Became a worshipper of Cheibriados the Contemplative
  2564 | D:2      | Reached XP level 4. HP: 30/36 MP: 2/9
  2571 | D:2      | Killed Robin
  3419 | D:2      | Acquired Cheibriados's first power
  3584 | D:2      | Killed Sigmund
  3584 | D:2      | Reached skill level 4 in Spellcasting
  3584 | D:2      | Reached XP level 5. HP: 42/42 MP: 1/11
  3584 | D:2      | Reached XP level 6. HP: 49/49 MP: 1/12
  4591 | D:3      | Noticed Cgurps's ghost (average MiFi)
  4611 | D:3      | Killed Cgurps's ghost
  4611 | D:3      | Reached skill level 1 in Fighting
  4759 | D:3      | Reached XP level 7. HP: 44/57 MP: 14/14
  5037 | D:3      | Acquired Cheibriados's second power
  5460 | D:4      | Found a radiant altar of Vehumet.
  5682 | D:4      | Reached skill level 5 in Spellcasting
  5722 | D:4      | Acquired Cheibriados's third power
  6171 | D:4      | Found a white marble altar of Elyvilon.
  6263 | D:5      | Entered Level 5 of the Dungeon
  6440 | D:5      | Noticed Eustachio
  6447 | D:5      | Killed Eustachio
  6447 | D:5      | Reached XP level 8. HP: 66/68 MP: 10/16
  6620 | D:5      | Found a staircase to the Ecumenical Temple.
  6626 | D:5      | Noticed Pikel
  6633 | D:5      | Killed Pikel
  6633 | D:5      | Reached skill level 5 in Stealth
  6633 | D:5      | Reached skill level 6 in Spellcasting
  6633 | D:5      | Reached skill level 5 in Conjurations
  6646 | Temple   | Entered the Ecumenical Temple
  7002 | D:5      | Found a bloodstained altar of Trog.
  7020 | D:5      | Reached XP level 9. HP: 79/79 MP: 14/18
  7441 | D:5      | Acquired Cheibriados's fourth power
  7720 | D:6      | Found a stormy altar of Qazlal.
  7829 | D:6      | Learned a level 2 spell: Repel Missiles
  7874 | D:6      | Reached skill level 5 in Fighting
  7915 | D:6      | Reached skill level 7 in Spellcasting
  8115 | D:6      | Found a burning altar of Makhleb.
  8633 | D:7      | Got a wavering jade ring
  8670 | D:7      | Learned a level 4 spell: Control Undead
  8870 | D:7      | Noticed Joseph
  8897 | D:7      | Killed Joseph
  8897 | D:7      | Reached skill level 1 in Necromancy
  9272 | D:8      | Reached XP level 10. HP: 89/89 MP: 18/21
  9458 | D:8      | Found a shadowy altar of Dithmenos.
  9459 | D:8      | Found a glowing silver altar of Zin.
  9471 | D:8      | Found a sacrificial altar of Ru.
  9532 | D:8      | Found a basalt altar of Yredelemnul.
 10514 | D:9      | Reached skill level 8 in Spellcasting
 11503 | D:9      | Reached skill level 1 in Invocations
 11710 | D:9      | Identified the ring of Autumn {rElec rPois MR+} (You found it on level 7 of the Dungeon)
 12086 | D:9      | Reached XP level 11. HP: 98/98 MP: 13/23
 12453 | D:10     | Entered Level 10 of the Dungeon
 12707 | D:10     | Found a staircase to the Orcish Mines.
 12950 | D:10     | Reached skill level 5 in Dodging
 13507 | D:10     | Reached skill level 5 in Invocations
 14431 | D:10     | Reached skill level 9 in Conjurations
 15052 | Orc:1    | Entered Level 1 of the Orcish Mines
 15052 | Orc:1    | Found Jyemm's Weapon Shop.
 15131 | D:11     | Noticed a six-headed hydra
 15419 | D:10     | Noticed a hill giant
 15424 | D:10     | Killed a hill giant
 15808 | D:11     | Killed a five-headed hydra
 16009 | D:11     | Noticed a hill giant
 16013 | D:11     | Killed a hill giant
 16016 | D:11     | Reached XP level 12. HP: 112/112 MP: 17/25
 16321 | D:11     | Noticed a hill giant
 16326 | D:11     | Killed a hill giant
 16488 | D:11     | Found Jetus's Book Shop.
 16529 | D:11     | Noticed a hill giant
 16539 | D:11     | Killed a hill giant
 16695 | D:11     | Found a staircase to the Lair.
 16916 | D:11     | Noticed a hill giant
 16926 | D:11     | Killed a hill giant
 17036 | D:11     | Noticed an unseen horror
 17050 | D:11     | Killed an unseen horror
 17351 | Lair:1   | Entered Level 1 of the Lair of Beasts
 17659 | D:11     | Reached skill level 10 in Spellcasting
 17787 | Lair:1   | Noticed a five-headed hydra
 18437 | Lair:1   | Killed a five-headed hydra
 19044 | Lair:1   | Reached skill level 10 in Conjurations
 19272 | Lair:2   | Noticed a five-headed hydra
 19276 | Lair:2   | Killed a four-headed hydra
 19685 | Lair:2   | Gained mutation: You can use your snake-like lower body to constrict enemies. [Naga growth]
 19685 | Lair:2   | Reached XP level 13. HP: 120/123 MP: 27/27
 19689 | Lair:2   | Reached skill level 10 in Fighting
 19937 | Lair:2   | Reached skill level 1 in Fire Magic
 20409 | Lair:4   | Found a hole to the Spider Nest.
 20416 | Lair:4   | Found a dark tunnel.
 20422 | Volcano  | Entered a volcano
 20594 | Volcano  | Found a bloodstained altar of Trog.
 20594 | Volcano  | Noticed Nessos
 20600 | Volcano  | Killed Nessos
 20600 | Volcano  | Reached skill level 11 in Spellcasting
 21787 | D:11     | Bought a book of Ice for 910 gold pieces
 21794 | D:11     | Learned a level 6 spell: Freezing Cloud
 22434 | Lair:3   | Noticed Snorg
 22463 | Lair:3   | Reached skill level 1 in Ice Magic
 22476 | Lair:3   | Killed Snorg
 22586 | Lair:3   | Noticed abixa's ghost (powerful OgGl)
 22720 | Lair:4   | Noticed Nergalle
 22901 | Lair:3   | Killed abixa's ghost
 22901 | Lair:3   | Reached skill level 5 in Air Magic
 23175 | Lair:3   | Reached XP level 14. HP: 127/132 MP: 29/29
 23947 | D:10     | Reached skill level 12 in Spellcasting
 24022 | Orc:1    | Found a roughly hewn altar of Beogh.
 24074 | Orc:1    | Found a roughly hewn altar of Beogh.
 24373 | Orc:2    | Found Mabb's Magic Scroll Shoppe.
 24381 | Orc:2    | Bought a scroll of teleportation for 30 gold pieces
 24381 | Orc:2    | Bought a scroll of teleportation for 30 gold pieces
 24410 | Orc:2    | Found Xisumeigux's Magic Scroll Emporium.
 24960 | Orc:3    | Identified the Collected Works on Creation
 25047 | Orc:3    | Found a deep blue altar of Sif Muna.
 25501 | Orc:4    | Entered Level 4 of the Orcish Mines
 25501 | Orc:4    | Found Mopaci's Jewellery Shop.
 25606 | Orc:2    | Found Kistre Jugupt's Jewellery Boutique.
 25606 | Orc:2    | Noticed Maurice
 25610 | Orc:2    | Killed Maurice
 25847 | Orc:2    | Found Isifidac's Book Shop.
 26552 | D:12     | Reached skill level 10 in Invocations
 27216 | D:12     | Noticed a seven-headed hydra
 27230 | D:12     | Killed a four-headed hydra
 28006 | D:12     | Reached skill level 5 in Ice Magic
 28285 | Lair:4   | Found a basalt altar of Yredelemnul.
 28658 | Lair:4   | Killed Nergalle
 30207 | Lair:6   | Found a staircase to the Swamp.
 30370 | Lair:6   | Gained mutation: Your magical capacity is low (-10% MP). [potion of mutation]
 30370 | Lair:6   | Gained mutation: Your muscles are strong. (Str +2) [potion of mutation]
 30370 | Lair:6   | Gained mutation: You tend to lose your temper in combat. [potion of mutation]
 30488 | Lair:6   | Reached XP level 15. HP: 138/138 MP: 13/28
 32257 | Orc:4    | Found Pikaavvy's Antique Armour Boutique.
 32356 | Orc:3    | Found a staircase to the Elven Halls.
 32713 | Orc:4    | Found Reagre's Antique Weapon Shop.
 32714 | Orc:4    | Noticed a stone giant
 32728 | Orc:4    | Killed a stone giant
 32836 | Orc:4    | Demolished by an ettin

Vault maps used:
D:1:      minmay_arrival_semitransparent, minmay_misc_feat_plants
D:2:      okawaru_trees_2, cheibriados_altar_1, hangedman_glass_teeth,
          grunt_decor_clamped, grunt_ministairs_3, uniq_sigmund, uniq_robin
D:3:      first_bread, minmay_misc_feat_doors
D:4:      lemuel_crystal_altar, overflow_temple_1_default
D:5:      old_forge, kennysheep_mini, minmay_temple_entry_trees, uniq_pikel,
          uniq_eustachio
D:6:      bloody_makhleb, lemuel_round_altar
D:7:      hangedman_decor_clover_reticule, uniq_joseph
D:8:      grunt_temple_overflow_open, grunt_ogre_cave, minmay_gold_behind_fungi
D:9:      st_stairs_5
D:10:     kennysheep_seaside_town, orc_0_dummy
D:11:     wad_arrow_thing, serial_shops, shop, serial_column_ruins,
          column_ruins_hut_ruined, column_ruins_hut, column_ruins_grid_3,
          column_ruins_open_tiny, column_ruins_open_large,
          column_ruins_open_medium_water, column_ruins_corridor_corner,
          column_ruins_columns_straight
Temple:   temple_eino_lava_8
Lair:1:   infiniplex_staircase_pool
Lair:3:   beast_lair_carwin_7, infiniplex_staircase_pool_2, uniq_snorg
Lair:4:   nicolae_spider_entry_tight_spaces, enter_volcano_4,
          lemuel_oklob_altar, uniq_nergalle
Lair:6:   swamp_mist_pool
Lair:7:   grunt_megastairs_5
Orc:1:    basic_altar, serial_shops, shop_fountains, mines1_david
Orc:2:    serial_shops, shop, shop_statue, shop_fountains, shop_statue,
          mines_bat_river, uniq_maurice
Orc:3:    nicolae_orc_pool_cavern, library_closet, led_sif_book
Orc:4:    grunt_orc_gardens, grunt_orc_garden, grunt_orc_garden,
          grunt_orc_garden, grunt_orc_garden
Volcano:  volcano_lake

Action                   |  1- 3 |  4- 6 |  7- 9 | 10-12 | 13-15 || total
-------------------------+-------+-------+-------+-------+-------++-------
Melee: Spear             |    17 |    42 |       |       |       ||    59
       Scythe            |       |    75 |   171 |   661 |   829 ||  1736
       Whip              |       |       |     8 |       |       ||     8
 Cast: Magic Dart        |    82 |    45 |   185 |   308 |   151 ||   771
       Conjure Flame     |     1 |     8 |    12 |    77 |    30 ||   128
       Mephitic Cloud    |       |     2 |    11 |    32 |    25 ||    70
       Blink             |       |     1 |       |     2 |     3 ||     6
       Repel Missiles    |       |       |     1 |     3 |     2 ||     6
       Control Undead    |       |       |       |    12 |     1 ||    13
       Freezing Cloud    |       |       |       |       |    60 ||    60
Invok: Slouch            |       |       |       |     5 |    12 ||    17
       Bend Time         |       |       |       |       |     1 ||     1
 Abil: Spit Poison       |     4 |     6 |     8 |    23 |    14 ||    55
Evoke: Wand              |       |       |       |     2 |    11 ||    13
  Use: Potion            |     1 |     3 |     4 |     6 |     3 ||    17
       Scroll            |     1 |     6 |    10 |    15 |     6 ||    38
 Stab: Sleeping          |       |     7 |     9 |     9 |    25 ||    50
       Confused          |       |     1 |     4 |     9 |    15 ||    29
       Distracted        |       |       |     2 |     4 |    12 ||    18
  Eat: Chunk             |     3 |     6 |     9 |    15 |    22 ||    55
       Fruit             |       |       |     1 |       |     6 ||     7
       Pizza             |       |       |     1 |       |     1 ||     2
       Meat ration       |       |       |       |     2 |     2 ||     4
       Royal jelly       |       |       |       |       |     2 ||     2
       Beef jerky        |       |       |       |       |     1 ||     1
